 Dungeon Crawl Stone Soup version 0.26.0-7-g794d0892b4 (webtiles) character file.

Game seed: 16363721466277954232

3370 Acheron the Cleaver (level 9, -7/78 HPs)
             Began as a Minotaur Abyssal Knight on Jan 11, 2021.
             Was a Priest of Lugonu.
             Shot with a bolt by a yaktaur captain (9 damage)
             ... on level 8 of the Dungeon.
             The game lasted 00:23:20 (6135 turns).

Acheron the Cleaver (Minotaur Abyssal Knight)       Turns: 6135, Time: 00:23:21

Health: -7/78      AC: 14    Str: 17    XL:     9   Next: 73%
Magic:  12/12      EV: 13    Int: 10    God:    Lugonu [***...]
Gold:   392        SH:  0    Dex: 12    Spells: 9/10 levels left

rFire    . . .     SeeInvis .   w - +5 war axe (elec)
rCold    . . .     Faith    .   (no shield)
rNeg     . . .     Spirit   .   f - +1 ring mail
rPois    .         Reflect  .   (helmet restricted)
rElec    .         Harm     .   h - +2 cloak
rCorr    +         Rampage  .   (no gloves)
Will     .....                  (no boots)
Stlth    ++........             (no amulet)
HPRegen  0.23/turn              D - +4 ring of protection
MPRegen  0.13/turn              q - ring of resist corrosion

@: about to teleport, studying Invocations
A: retaliatory headbutt, horns 2
a: Renounce Religion, Depart the Abyss, Bend Space, Banish


You were on level 8 of the Dungeon.
You worshipped Lugonu.
Lugonu was most pleased with you.
You visited 2 branches of the dungeon, and saw 9 of its levels.
You visited the Abyss 1 time.

You collected 392 gold pieces.

Inventory:

Hand Weapons
 w - a +5 war axe of electrocution (weapon)
Missiles
 d - 5 throwing nets
 r - 232 stones
 t - 12 poisoned darts
 v - 8 boomerangs (quivered)
Armour
 f - a +1 ring mail (worn)
 h - a +2 cloak (worn)
Jewellery
 i - a +6 ring of intelligence
 k - an uncursed amulet of faith
 l - a +4 ring of evasion
 p - an uncursed amulet of reflection
 q - a ring of resist corrosion (right hand)
 s - an uncursed ring of flight
 u - an uncursed amulet of the acrobat
 D - a +4 ring of protection (left hand)
 G - an uncursed ring of wizardry
 I - a cursed -4 ring of protection
Wands
 b - a wand of flame (21)
 B - a wand of iceblast (6)
 C - a wand of polymorph (17)
Scrolls
 a - a scroll of remove curse
 c - 4 scrolls of identify
 x - a scroll of immolation {unknown}
 y - a scroll of fog {unknown}
 A - a scroll of random uselessness {unknown}
 E - 3 scrolls of fear {unknown}
 F - a scroll of teleportation
Potions
 e - 3 potions of curing
 g - 4 potions of magic
 j - a potion of brilliance
 m - a potion of might {unknown}
 n - 2 potions of flight
 o - a potion of mutation {unknown}
 z - a potion of haste {unknown}
Books
 H - a manual of Invocations


   Skills:
 + Level 6.9 Fighting
 + Level 8.5 Axes
 + Level 1.2 Throwing
 * Level 6.4 Armour
 + Level 5.3 Dodging
 * Level 4.4 Stealth
 + Level 1.1 Spellcasting
 * Level 1.7 Translocations
 * Level 6.0 Invocations
 * Level 2.1 Evocations


You had 9 spell levels left.
You knew the following spells:

 Your Spells              Type           Power        Failure   Level
a - Apportation           Tloc           8%           28%         1

Your spell library contained the following spells:

 Spells                   Type           Power        Failure   Level
 Lesser Beckoning         Tloc           2%           63%         3
 Tukima's Dance           Hex            0%           86%         3
 Alistair's Intoxication  Tmut/Pois      0%           100%        5
 Bolt of Magma            Conj/Fire/Erth 0%           100%        5
 Iskenderun's Battlesphe  Conj           0%           100%        5
 Invisibility             Hex            0%           100%        6
 Iron Shot                Conj/Erth      0%           100%        6
 Orb of Destruction       Conj           0%           100%        7
 Spellforged Servitor     Conj/Summ      0%           100%        7


Dungeon Overview and Level Annotations

Branches:
Dungeon (8/15)             Temple (1/1) D:5            Lair (0/6) D:8

Altars:
Ashenzari
Dithmenos
Kikubaaqudgha
Okawaru
Wu Jian
Yredelemnul
Zin

Shops:
D:4 :


Innate Abilities, Weirdness & Mutations

You reflexively headbutt those who attack you in melee.
You have a pair of horns on your head.


Message History

The yaktaur captain misses you.
As you read the scroll of identify, it crumbles to dust.
p - an uncursed amulet of reflection The yaktaur captain hits you!
You start putting on your amulet.
You continue putting on your uncursed amulet of reflection.
The yaktaur captain misses you.
You continue putting on your uncursed amulet of reflection.
The yaktaur captain hits you!
Keep equipping yourself? [Y]es or [N]o only, please.
Keep equipping yourself?
You stop putting on your amulet.
* * * LOW HITPOINT WARNING * * *
As you read the scroll of teleportation, it crumbles to dust.
You feel strangely unstable. The yaktaur captain hits you!!
* * * LOW HITPOINT WARNING * * *
The yaktaur captain wields a +0 arbalest.
The yaktaur captain shoots a bolt.
The bolt hits you!
You die... #.....# ♣♣)..# #.# #..≈..#♣♣♣)(..# #.# #.....#...♣♣..## #.# ..?..#.♣♣♣♣#..# #.. #)OZ##....♣#..# #.. cOl

#♣♣♣.♣#..###.. #c#
♣♣.♣♣#....#.. ♣.♣ ♣.♣♣
#....... ♣@♣ ♣♣.♣
#[#.##.. ♣ ###(### ♣.♣
#.#.##.. ♣.
#.....#♣♣.♣♣#.#.#...
..♣#.♣♣♣.#♣...♣#.......
... ♣)......#.......
.♣#.♣♣♣.#♣...♣#)......
♣. #.†.†.#♣♣.♣♣#.......
# ####### ### #.......
...##....


You could see a yaktaur captain, 2 ogres, a centaur, an iguana and an adder
skeleton.

Vanquished Creatures
  Psyche (D:8)
  2 wargs (D:8)
  2 orc warriors
  An eye of draining (D:8)
  An ice beast (D:8)
  2 sky beasts (D:8)
  3 black bears
  A phantom (D:5)
  4 ogres
  4 centaurs
  A bullfrog (D:6)
  2 scorpions (D:4)
  5 howler monkeys
  A centaur zombie (D:6)
  Crazy Yiuf (D:3)
  3 hounds
  2 jellies
  A gnoll shaman (D:5)
  2 centaur skeletons
  An iguana (D:6)
  6 orc wizards
  3 worker ants
  A killer bee zombie (D:6)
  A hound skeleton (D:8)
  2 worker ant zombies
  13 gnolls
  A howler monkey skeleton (D:4)
  4 adders
  2 shadow imps
  3 white imps
  3 ufetubi
  An adder zombie (D:8)
  An adder skeleton (D:7)
  4 leopard geckos
  15 orcs
  2 ball pythons
  5 giant cockroaches
  3 goblins
  4 hobgoblins
  10 jackals
  6 kobolds
  4 quokkas
  5 bats
  6 frilled lizards
  A jackal skeleton (D:8)
  A leopard gecko skeleton (D:5)
  A quokka skeleton (D:4)
  6 rats
154 creatures vanquished.

Vanquished Creatures (others)
  8 plants (D:8)
8 creatures vanquished.

Grand Total: 162 creatures vanquished

Notes
Turn   | Place    | Note
-------+----------+-------------------------------------------
     0 | Abyss:1  | Acheron the Minotaur Abyssal Knight began the quest for the
                  | Orb.
     0 | Abyss:1  | Reached XP level 1. HP: 19/19 MP: 1/1
    96 | Abyss:1  | Noticed an iron imp
    97 | Abyss:1  | Noticed a ynoxinul
    98 | Abyss:1  | Noticed a small abomination
   111 | Abyss:1  | Noticed an anaconda zombie
   142 | Abyss:1  | Noticed an eye of draining
   143 | Abyss:1  | Noticed an ancient zyme
   145 | D:1      | Escaped the Abyss
   309 | D:1      | Reached * piety under Lugonu
   315 | D:1      | Reached XP level 2. HP: 27/27 MP: 2/2
  1070 | D:2      | Found an iron altar of Okawaru.
  1145 | D:2      | Reached XP level 3. HP: 33/33 MP: 3/3
  1211 | D:2      | You fall into a shaft and drop 2 floors!
  1375 | D:3      | Reached skill level 3 in Axes
  1378 | D:3      | Reached skill level 1 in Stealth
  1598 | D:3      | Found a runed translucent door.
  1599 | D:3      | Noticed Crazy Yiuf
  1606 | D:3      | Killed Crazy Yiuf
  1607 | D:3      | Reached XP level 4. HP: 30/41 MP: 4/4
  2246 | D:4      | Reached XP level 5. HP: 47/47 MP: 5/5
  2442 | D:5      | Entered Level 5 of the Dungeon
  2684 | D:4      | Reached skill level 4 in Axes
  2842 | D:5      | Noticed a centaur
  2842 | D:5      | Noticed an ogre
  2846 | D:5      | Killed a centaur
  2847 | D:5      | Reached XP level 6. HP: 37/53 MP: 7/7
  2850 | D:5      | Reached ** piety under Lugonu
  3215 | D:5      | Reached XP level 7. HP: 43/60 MP: 8/8
  3321 | D:5      | Reached skill level 5 in Axes
  3356 | D:5      | Reached skill level 5 in Fighting
  3376 | D:5      | Found a staircase to the Ecumenical Temple.
  3384 | Temple   | Entered the Ecumenical Temple
  3672 | D:4      | Found Qeunkou's Book Shoppe.
  3894 | D:4      | Reached skill level 5 in Armour
  3898 | D:4      | Reached skill level 6 in Axes
  3898 | D:4      | Reached XP level 8. HP: 61/68 MP: 9/9
  5045 | D:7      | Reached skill level 7 in Axes
  5063 | D:7      | Learned a level 1 spell: Apportation
  5353 | D:7      | Identified a scroll of acquirement
  5353 | D:7      | Acquired a manual of Invocations
  5598 | D:8      | Noticed Psyche
  5609 | D:8      | Killed Psyche
  5610 | D:8      | Reached XP level 9. HP: 69/75 MP: 11/11
  5611 | D:8      | Reached skill level 1 in Evocations
  5615 | D:8      | Reached *** piety under Lugonu
  5616 | D:8      | Reached skill level 5 in Invocations
  5626 | D:8      | Reached skill level 5 in Dodging
  5626 | D:8      | Reached skill level 1 in Spellcasting
  5626 | D:8      | Reached skill level 1 in Translocations
  5647 | D:8      | Found a staircase to the Lair.
  6046 | D:8      | Reached skill level 1 in Throwing
  6050 | D:8      | Reached skill level 8 in Axes
  6123 | D:8      | Noticed a yaktaur captain
  6134 | D:8      | HP: 2/78 [yaktaur captain (21)]
  6135 | D:8      | Shot with a bolt by a yaktaur captain

Illustrated notes

Levels and vault maps discovered:
D:1:      evilmike_arrival_come_back, layout_loops_ring,
          minmay_misc_feat_diagonals, kennysheep_crisscross, minmay_tromino_v7
D:2:      layout_basic, okawaru_trees_1
D:3:      layout_loops_ring, item_on_display_a, uniq_crazy_yiuf_cottage
D:4:      layout_loops_corners, serial_shops, shop
D:5:      layout_rooms, minmay_temple_entry_wispy
D:6:      layout_loops_ring, chequers_serial_rivers_micro_b, uniq_edmund
D:7:      layout_basic, minmay_misc_feat_hallway
D:8:      nzn_winding_woodlands_medium [nzn_winding_woodlands_5x5_open_star,
          nzn_winding_woodlands_5x15_jagged,
          nzn_winding_woodlands_5x5_checkerboard,
          nzn_winding_woodlands_5x5_perimeter,
          nzn_winding_woodlands_center_garden, nzn_winding_woodlands_5x5_three,
          nzn_winding_woodlands_5x5_default, nzn_winding_woodlands_5x15_zeroes,
          nzn_winding_woodlands_5x5_default], layout_rooms,
          eat_drink_and_be_merry_uskayaw, erik_lair_orcish_takeover,
          enter_bailey_2, minmay_misc_feat_plants, uniq_joseph, uniq_psyche
Temple:   compressed_dpeg_triangle_lava_temple

Skill      XL: |  1  2  3  4  5  6  7  8  9 |
---------------+----------------------------+-----
Fighting       | 4 5 6 |  6.9
Invocations    | 2 3 4 6 |  6.0
Axes           | 3 4 6 7 8 |  8.5
Stealth        | 1 2 3 4 |  4.4
Armour         | 3 4 5 6 |  6.4
Dodging        | 2 3 4 5 |  5.3
Evocations     | 2 |  2.1
Spellcasting   | 1 |  1.1
Translocations | 1 |  1.7
Throwing       | 1 |  1.2

Action                   |  1- 3 |  4- 6 |  7- 9 || total
-------------------------+-------+-------+-------++-------
Melee: Hand axe          |    82 |     9 |       ||    91
       Headbutt          |     9 |     7 |    32 ||    48
       War axe           |       |    42 |   182 ||   224
Throw: Dart              |       |       |    10 ||    10
       Boomerang         |       |       |     2 ||     2
Invok: Depart the Abyss  |     1 |       |       ||     1
  Use: Scroll            |     6 |     3 |    10 ||    19
 Stab: Sleeping          |       |       |     1 ||     1
Armor: Leather armour    |     6 |       |       ||     6
       Ring mail         |    30 |    27 |   101 ||   158
Dodge: Dodged            |    48 |    33 |   139 ||   220
